 Dungeon Crawl Stone Soup version bcrawl-1.32 (webtiles) character file.

Game seed: 6364516173263639133

160659 Morbidden the Sneak (level 5, -1/29 HPs)
             Began as a Vine Stalker Archaeologist on June 27, 2021.
             Slain by an adder (4 damage)
             ... on level 3 of the Dungeon.
             The game lasted 00:02:26 (1802 turns).

Morbidden the Sneak (Vine Stalker Archaeologist)    Turns: 1802, Time: 00:02:27

Health: -1/29      AC:  7    Str: 15    XL:     5   Next: 9%
Magic:  6/6        EV: 13    Int: 14    God:
Gold:   139        SH:  0    Dex: 12    Spells: 4/4 levels left

rFire    . . .     SeeInvis .   a - +4 executioner's axe (venom)
rCold    . . .     Gourm    .   (shield currently unavailable)
rNeg     . . .     Faith    .   c - +1 robe
rPois    .         Spirit   .   d - +1 hat
rElec    .         Reflect  .   s - +0 cloak
rCorr    .         Harm     .   (no gloves)
MR       .....                  j - +1 pair of boots
Stlth    +++.......             (no amulet)
HPRegen  0.49/turn              (no ring)
MPRegen  0.10/turn              (no ring)

@: lethally poisoned (-1 -> -2)
A: fangs 2, regeneration 1, no potion heal 3, rot immunity, strong jaws
a: no special abilities


You were on level 3 of the Dungeon.
You were not hungry.

You visited 1 branch of the dungeon, and saw 3 of its levels.

You collected 139 gold pieces.

Inventory:

Hand Weapons
 a - a +4 executioner's axe of venom (weapon)
 b - a +0 blowgun
Missiles
 f - 6 curare-tipped needles
 t - 45 poisoned tomahawks (quivered)
Armour
 c - a +1 robe (worn)
 d - a +1 hat (worn)
 j - a +1 pair of boots (worn)
 s - a +0 cloak (worn)
Scrolls
 g - a scroll of magic mapping
 i - 3 scrolls of identify
 l - 2 scrolls of teleportation {unknown}
 o - a scroll of remove curse {unknown}
 r - a scroll of enchant armour {unknown}
Potions
 m - a potion of degeneration {unknown}
 n - 3 potions of magic {unknown}
 p - a potion of curing {unknown}
 q - a potion of flight {unknown}
Comestibles
 e - 4 rations {!d}
 k - 12 chunks of flesh


   Skills:
 * Level 1.1 Fighting
 * Level 0.1(1.5) Axes
   Level 2.5(2.6) Maces & Flails
 * Level 4.4 Dodging
 + Level 5.6 Stealth


You had 4 spell levels left.
You didn't know any spells.
Your spell library was empty.

Dungeon Overview and Level Annotations

Branches:
Dungeon (3/12)

Altars:
Hepliaklqana


Innate Abilities, Weirdness & Mutations

You have extremely sharp teeth.
Your natural rate of healing is unusually fast.
Potions cannot restore your health.
You are immune to rotting.
Your bites deal extra damage.


Message History

No path to travel!
You miss the adder. You closely miss the orc wizard. You hit the orc.
The orc looks more poisoned.
You kill the orc!
The adder bites you.
* * * LOW HITPOINT WARNING * * *
You are poisoned.
The adder poisons you!
The orc wizard hits you but does no damage.
The adder barely misses you.
The orc wizard gestures wildly while chanting.
The orc wizard seems to speed up.
No path to travel!
You miss the adder. You closely miss the orc wizard.
You feel sick.
The orc wizard hits you with a +0 dagger.
* * * LOW HITPOINT WARNING * * *
The adder bites you.
* * * LOW HITPOINT WARNING * * *
The orc wizard barely misses you. The adder bites you.
You die...

#### ## ... ...... .
..# .....# #####.#.#
...$.# ..%...#.#
.....# ......So##
.....#
####)@.####.....##
........<...........
.#####...###.##.###
##.## #.# .# #.#
#.##.# #.# #.##.#
#.# #.##.# ...
#.##.# #....# #


You could see an orc wizard and an adder.

Vanquished Creatures
  3 adders (D:2)
  An ooze (D:2)
  2 worms
  2 dart slugs
  4 leopard geckos
  8 orcs
  3 ball pythons
  2 giant cockroaches (D:1)
  5 goblins
  10 hobgoblins
  3 jackals (D:1)
  7 kobolds
  2 quokkas (D:2)
  8 bats
  2 frilled lizards
  7 rats
69 creatures vanquished.

Notes
Turn   | Place    | Note
-------+----------+-------------------------------------------
     0 | D:1      | Morbidden the Vine Stalker Archaeologist began the quest
                  | for the Orb.
     0 | D:1      | Reached XP level 1. HP: 11/11 MP: 2/2
   111 | D:1      | Reached skill level 1 in Maces & Flails
   111 | D:1      | Reached XP level 2. HP: 12/16 MP: 3/3
   217 | D:1      | Reached skill level 5 in Stealth
   279 | D:1      | Reached XP level 3. HP: 20/20 MP: 4/4
   854 | D:2      | Found a hazy altar of Hepliaklqana.
   873 | D:2      | Reached skill level 1 in Fighting
   907 | D:2      | Reached XP level 4. HP: 23/25 MP: 5/5
  1689 | D:3      | Reached XP level 5. HP: 6/29 MP: 6/6
  1689 | D:3      | Identified a scroll of acquirement
  1696 | D:3      | Identified the ring of Liomimue {Fire Str+2 Int+4} (You
                  | acquired it on level 3 of the Dungeon)
  1802 | D:3      | Slain by an adder

Skill      XL: |  1  2  3 |
---------------+----------+-----
Maces & Flails | 1 2 |  2.5
Stealth        | 5 |  5.6
Dodging        | 4 |  4.4
Fighting       | 1 |  1.1
Axes           | |  0.1

Action                   |  1- 3 |  4- 6 || total
-------------------------+-------+-------++-------
Melee: Whip              |   131 |   111 ||   242
       Bite              |     9 |    11 ||    20
       Executioner's axe |       |    12 ||    12
  Use: Scroll            |       |     1 ||     1
 Stab: Sleeping          |     6 |     6 ||    12
  Eat: Chunk             |     4 |     6 ||    10
Armor: Robe              |    45 |    32 ||    77
Dodge: Dodged            |   107 |    87 ||   194
